 Dungeon Crawl Stone Soup version 0.29.1-2-gbd0b4ee654 (webtiles) character file.

Game seed: 2541105825976770843

4 BreadTh the Digger (level 1, 1/1 (14) HPs)
             Began as a Meteoran Earth Elementalist on Nov 18, 2022.
             Tarried too long and was consumed by Zot
             ... on level 1 of the Dungeon.
             The game lasted 00:01:53 (997 turns).

BreadTh the Digger (Meteoran Earth Elementalist)     Turns: 997, Time: 00:01:54

HP:   1/1 (14)      AC:  3    Str:  9    XL:     1   Next: 85%
MP:   5/5           EV: 12    Int: 16    God:
Gold: 32            SH:  0    Dex: 14    Spells: 4/5 levels left

rFire   . . .      SeeInvis .   d - +0 whip
rCold   . . .      Faith    .   (no shield)
rNeg    . . .      Spirit   .   a - +0 robe
rPois   .          Reflect  .   (no helmet)
rElec   .          Harm     .   (no cloak)
rCorr   .          Rampage  .   h - +0 pair of gloves
Will    .....                   (no boots)
Stlth   +.........              (no amulet)
HPRegen 0.01/turn               (no ring)
MPRegen 0.09/turn               (no ring)

@: glowing, extremely drained, bezotted and risking death
A: sense surroundings 1, otherworldly, glowing, explore regen
a: no special abilities


You were on level 1 of the Dungeon.
You visited 1 branch of the dungeon, and saw 1 of its levels.

You collected 32 gold pieces.

Inventory:

Hand Weapons
 d - a +0 whip (weapon)
Armour
 a - a +0 robe (worn)
 h - a +0 pair of gloves (worn)
Scrolls
 c - a scroll of fog {unknown}
 f - a scroll of blinking {unknown}
 g - a scroll of fear {unknown}
Potions
 b - a potion of magic
 e - a potion of brilliance {unknown}
 i - a potion of curing {unknown}


   Skills:
 + Level 2.5 Dodging
 + Level 1.4 Stealth
 * Level 2.8 Spellcasting
 + Level 1.3 Transmutations
 + Level 3.6 Earth Magic


You had 4 spell levels left.
You knew the following spells:

 Your Spells              Type           Power      Damage    Failure   Level
a - Sandblast             Erth           28%        2d8       4%          1

Your spell library contained the following spells:

 Spells                   Type           Power      Damage    Failure   Level
 Passwall                 Tmut/Erth      8%         N/A       11%         2
 Foxfire                  Conj/Fire      8%         2x1d4     19%         1
 Stone Arrow              Conj/Erth      16%        3d8       26%         3
 Conjure Flame            Conj/Fire      2%         6-21      50%         3
 Inner Flame              Hex/Fire       2%         N/A       50%         3
 Petrify                  Tmut/Erth      10%        N/A       56%         4
 Cause Fear               Hex            1%         N/A       88%         4
 Flame Wave               Conj/Fire      2%         2d4       88%         4
 Discord                  Hex            1%         N/A       100%        8


Dungeon Overview and Level Annotations

Branches:
Dungeon (1/15) Zot: 0! You are so drained that the power of Zot will kill you!

Altars:


Innate Abilities, Weirdness & Mutations

You passively map a small area around you.
You are easily found by Zot.
You glow in the dark.
You regain HP and MP as you explore.


Message History

Done waiting.
You start waiting.
You have lingered too long.
Zot senses you.
Dive deeper or flee this branch before you suffer!
Really rest while Zot is near?
You start waiting.
Zot draws nearer.
Dive deeper or flee this branch before you suffer!
Really rest while Zot is near?
You start waiting.
Zot has nearly found you.
Suffering is approaching.
Descend or flee this branch!
Zot's power touches on you...
You feel drained.
You start waiting.
Done waiting.
You start waiting.
You have lingered too long.
Zot senses you.
Dive deeper or flee this branch before you suffer!
Really rest while Zot is near?
You start waiting.
Zot draws nearer.
Dive deeper or flee this branch before you suffer!
Really rest while Zot is near?
You start waiting.
Zot has nearly found you.
Suffering is approaching.
Descend or flee this branch!
Really rest while Zot is near?
You start waiting.
Zot's power touches on you...
You feel drained.
You start waiting.
Done waiting.
Unknown command.
You start waiting.
You have lingered too long.
Zot senses you.
Dive deeper or flee this branch before you perish!
Really rest while Zot is near?
You start waiting.
Zot draws nearer.
Dive deeper or flee this branch before you perish!
Really rest while Zot is near?
You start waiting.
Zot has nearly found you.
Death is approaching.
Descend or flee this branch!
Really rest while Zot is near?
You start waiting.
Zot's tendrils burst from within you!
You die...

,*#.# ._.. , #. , , ##.#
.^.# #.####+##..##..###.
* #..#...............
######..#.#.#...........
..................>.....
.............(..........
........#.#.#....#...#
..#.............@....# ,
,
................##$.....
, ..........#.#...#*
..##.* *
..........#.#...# ,.# ,
* ................# , #*
..####............,, ,
..#............... ,, *
* #.#.......#.#.... , ,
* ................. , ,


There were no monsters in sight!

Vanquished Creatures
  A ball python (D:1)
  2 hobgoblins (D:1)
3 creatures vanquished.

Notes
Turn   | Place    | Note
-------+----------+-------------------------------------------
     0 | D:1      | BreadTh the Meteoran Earth Elementalist began the quest for
                  | the Orb.
     0 | D:1      | Reached XP level 1. HP: 14/14 MP: 5/5
    90 | D:1      | Found a faded altar of an unknown god.
   497 | D:1      | Glimpsed the power of Zot.
   547 | D:1      | Glimpsed the power of Zot.
   587 | D:1      | Glimpsed the power of Zot.
   597 | D:1      | Touched by the power of Zot.
   698 | D:1      | Glimpsed the power of Zot.
   748 | D:1      | Glimpsed the power of Zot.
   788 | D:1      | Glimpsed the power of Zot.
   797 | D:1      | Touched by the power of Zot.
   898 | D:1      | Glimpsed the power of Zot.
   948 | D:1      | Glimpsed the power of Zot.
   988 | D:1      | Glimpsed the power of Zot.
   997 | D:1      | Tarried too long and was consumed by Zot

Illustrated notes

Levels and vault maps discovered:
D:1:      dpeg_arrival_solitude, layout_basic, ebering_ecumenical_altar_webs

Action                   || total
-------------------------++-------
Melee: Whip              ||     7
 Cast: Sandblast         ||     4
Armor: Robe              ||     1
Dodge: Dodged            ||     4
